 Dungeon Crawl Stone Soup version 0.28-a0-1629-gf728b707aa (webtiles) character file.

Game seed: 5615155957245976351

11 HallandMoats the Skirmisher (level 2, 0/26 HPs)
             Began as a Ghoul Fighter on Jan 25, 2022.
             Was a Follower of Fedhas.
             Slain by a bat (1 damage)
             ... on level 1 of the Dungeon.
             The game lasted 00:00:32 (339 turns).

HallandMoats the Skirmisher (Ghoul Fighter)          Turns: 339, Time: 00:00:33

Health: 0/26       AC:  6    Str: 19    XL:     2   Next: 29%
Magic:  1/1        EV:  9    Int:  3    God:    Fedhas [*.....]
Gold:   0          SH:  4    Dex:  8    Spells: 1/1 levels left

rFire   . . .      SeeInvis .     - Unarmed
rCold   + . .      Faith    .   b - +0 buckler
rNeg    + + +      Spirit   .   a - +0 scale mail
rPois   ∞          Reflect  .   (no helmet)
rElec   .          Harm     .   (no cloak)
rCorr   .          Rampage  .   (no gloves)
Will    .....                   (no boots)
Stlth   ..........              (no amulet)
HPRegen 0.00/turn               (no ring)
MPRegen 0.07/turn               (no ring)

@: inhibited regen
A: claws 1, cold resistance 1, negative energy resistance 3, inhibited
regeneration, torment resistance 2
a: Renounce Religion


You were on level 1 of the Dungeon.
You worshipped Fedhas.
Fedhas was aware of your devotion.
You visited 1 branch of the dungeon, and saw 1 of its levels.

Inventory:

Armour
 a - a +0 scale mail (worn)
 b - a +0 buckler (worn)
Potions
 c - a potion of might


   Skills:
 * Level 3.5 Fighting
 + Level 2.8 Armour
 + Level 0.2 Dodging
 + Level 2.8 Shields
 - Level 2.1 Unarmed Combat
 * Level 0.9 Invocations


You had one spell level left.
You didn't know any spells.
Your spell library was empty.

Dungeon Overview and Level Annotations

Branches:
Dungeon (1/15)

Altars:
Fedhas


Innate Abilities, Weirdness & Mutations

You thrive by killing the living.
You are immune to poison.
You have sharp fingernails.
Your flesh is cold resistant. (rC+)
You are immune to negative energy. (rN+++)
You do not regenerate when monsters are visible.
You are immune to unholy pain and torment.


Message History

The bat hits you but does no damage. The bat barely misses you. x2
The bat completely misses you. The bat barely misses you.
You block the bat's attack. You block the bat's attack.
The bat hits you but does no damage. The bat closely misses you.
The bat hits you but does no damage. The bat closely misses you.
The bat hits you but does no damage. The bat barely misses you.
You block the bat's attack. You block the bat's attack.
You block the bat's attack. The bat barely misses you.
The bat hits you but does no damage. The bat barely misses you.
The bat hits you but does no damage. The bat hits you but does no damage.
You block the bat's attack. The bat barely misses you.
The bat hits you but does no damage. The bat closely misses you.
The bat barely misses you. The bat hits you but does no damage.
You block the bat's attack. The bat completely misses you.
The bat barely misses you. The bat closely misses you.
The bat barely misses you. You block the bat's attack.
The bat hits you but does no damage. The bat barely misses you.
The bat completely misses you. The bat hits you but does no damage.
You block the bat's attack. The bat barely misses you.
The bat hits you but does no damage. The bat hits you but does no damage.
You block the bat's attack. The bat hits you.
You die...
Fedhas appreciates your contribution to the ecosystem.

..###'##..).......#
..###..#.†).......#
........).........+
.
..####............#
.. . ##.......[.###
... .....##......#
....
####.##......##.....
#..#.....b.......
##.#.....@##.#+#
#........+ #
##.......# #....##.#
#.... ..# #.... ###
#.... #..


You could see a bat.

Vanquished Creatures
  2 ball pythons (D:1)
  A bat (D:1)
  2 endoplasms (D:1)
  2 goblins (D:1)
  2 kobolds (D:1)
9 creatures vanquished.

Notes
Turn   | Place    | Note
-------+----------+-------------------------------------------
     0 | D:1      | HallandMoats the Ghoul Fighter began the quest for the Orb.
     0 | D:1      | Reached XP level 1. HP: 19/19 MP: 0/0
   207 | D:1      | Reached XP level 2. HP: 15/26 MP: 1/1
   218 | D:1      | Found a faded altar of an unknown god.
   231 | D:1      | Prayed at the altar of an unknown god.
   231 | D:1      | Became a worshipper of Fedhas Madash
   231 | D:1      | Reached * piety under Fedhas
   287 | D:1      | HP: 1/26 [bat (1)]
   339 | D:1      | Slain by a bat

Illustrated notes

Levels and vault maps discovered:
D:1:      psy_arrival_dodecagon, layout_basic, basic_ecumenical_altar

Action                   || total
-------------------------++-------
Melee: Unarmed           ||    35
Armor: Scale mail        ||    51
Dodge: Dodged            ||    77
Block: Buckler           ||    28

Table legend: (Time is in decaauts)
 A = Elapsed time spent in this place.
 B = Non-inter-level travel time spent in this place.
 C = Inter-level travel time spent in this place.
 D = Time resting spent in this place.
 E = Time spent auto-exploring this place.
 F = Levels seen in this place.
 G = Mean time per level.
                   A        B        C        D        E       F      G
               +--------+--------+--------+--------+--------+-----+--------+
         Total |    340 |    340 |      0 |      0 |    174 |   1 |  340.0 |
       Dungeon |    340 |    340 |      0 |      0 |    174 |   1 |  340.0 |
               +--------+--------+--------+--------+--------+-----+--------+

Top non-repeatable levels by time:
     D:1: 340 daAuts
